 Dungeon Crawl Stone Soup version 0.27.1-35-g4d5d836560 (webtiles) character file.

Game seed: 3084513562137823472

77 croobank the Firebug (level 4, -4/30 HPs)
             Began as a Demonspawn Fire Elementalist on June 20, 2022.
             Killed by miscasting Sticky Flame (19 damage)
             ... on level 3 of the Dungeon.
             The game lasted 00:08:40 (3037 turns).

croobank the Firebug (Demonspawn Fire Elementalist) Turns: 3037, Time: 00:08:41

Health: -4/30      AC:  7    Str:  5 (8)  XL:     4   Next: 13%
Magic:  3/7        EV: 12    Int: 14 (17) God:
Gold:   118        SH:  0    Dex: 11 (14) Spells: 3/8 levels left

rFire    . . .     SeeInvis .   l - +0 flail
rCold    . . .     Faith    .   (no shield)
rNeg     . . .     Spirit   .   a - +0 robe
rPois    .         Reflect  .   (no helmet)
rElec    .         Harm     .   p - +2 cloak
rCorr    +         Rampage  .   (no gloves)
Will     .....                  e - +1 pair of boots
Stlth    ++........             (no amulet)
HPRegen  0.10/turn              u - ring of resist corrosion
MPRegen  0.10/turn              (no ring)

@: very slightly contaminated
A: claws 2, condensation shield
a: no special abilities


You were on level 3 of the Dungeon.
You visited 1 branch of the dungeon, and saw 3 of its levels.

You collected 118 gold pieces.

Inventory:

Hand Weapons
 b - a +0 hunting sling
 d - a +0 dagger
 l - a +0 flail (weapon)
Missiles
 c - 44 arrows
 g - 24 stones
 h - 12 sling bullets
 j - 20 bolts
 t - 11 poisoned darts
Armour
 a - a +0 robe (worn)
 e - a +1 pair of boots (worn)
 f - a +0 leather armour
 m - a +0 kite shield
 p - a +2 cloak (worn)
 q - a +0 ring mail
Jewellery
 u - a ring of resist corrosion (left claw)
Potions
 i - 3 potions of curing


   Skills:
 + Level 0.2 Fighting
 + Level 0.2 Short Blades
 + Level 0.1 Maces & Flails
 + Level 0.9 Armour
 + Level 1.9 Dodging
 + Level 2.2 Stealth
 + Level 0.1 Unarmed Combat
 + Level 2.6 Spellcasting
 + Level 1.3 Conjurations
 + Level 3.3 Fire Magic


You had 3 spell levels left.
You knew the following spells:

 Your Spells              Type           Power      Damage    Failure   Level
a - Foxfire               Conj/Fire      32%        2x1d5     9%          1
b - Sticky Flame          Conj/Fire      8%         2d3       63%         4

Your spell library contained the following spells:

 Spells                   Type           Power      Damage    Failure   Level
 Conjure Flame            Conj/Fire      8%         6-21      26%         3
 Inner Flame              Hex/Fire       6%         N/A       32%         3
 Fireball                 Conj/Fire      4%         3d4       93%         5


Dungeon Overview and Level Annotations

Branches:
Dungeon (3/15)

Altars:
Hepliaklqana

Annotations:
D:3 Sigmund


Innate Abilities, Weirdness & Mutations

You have very sharp fingernails.
A meltable shield of frost defends you. (SH +0)


Message History

Magic restored.
The goblin barely misses you.
You climb upwards.
There is a stone staircase leading down here.
A goblin is nearby!
You sock the goblin!
You kill the goblin!
No target in view!
No target in view!
You start resting.
You start to feel less resistant.
You start resting.
Your resistance to elements expires.
Things that are here:
a +0 dagger; a goblin corpse
There is a stone staircase leading down here.
You start resting.
HP restored.
Okay, then.
You aren't carrying any scrolls.
Casting: Foxfire (safe; 9% risk of failure)
Confirm with . or Enter, or press ? or * to list all spells.
Okay, then.
You climb downwards.
Level annotation: Sigmund Sigmund zaps a wand.
The puff of flame hits you.
Your condensation shield dissipates!
There is a stone staircase leading up here.
Sigmund zaps a wand.
The puff of flame hits you! Sigmund barely misses you.
Casting: Foxfire (safe; 9% risk of failure)
Confirm with . or Enter, or press ? or * to list all spells.
The spell is potentially lethal to cast (63% risk of failure)!
Continue anyway?
Aiming: Sticky Flame (potentially lethal; 63% risk of failure)
Press: ? - help, Shift-Dir - straight line, f - Sigmund
Aim: Sigmund, wielding a +1 scythe of protection, wearing a +0 robe and carrying a wand of flame (1) (100% to hit)
You miscast Sticky Flame.
You are very lightly contaminated with residual magic.
Sparks fly from your claws!!
Ouch! That really hurt!
You die...

...........)...... ..#.#
#######.##...##.## #.#.#
#.##...# #.#.# ######.##...#
#.#.# #....#.###### #.#.#
#.##.#.# ###.#.#
#.##.#.#############...#.####
#)............@.............#
#####.#..#######@####.....##.###
..................<............#
####..##.#######.######.#.##.###
#..##.# #.# #.#.##.# #..##.# #.#
#.#.##.# #..##.# #.# #.####.#
#..##.# #.# #.# #.# #..##.# #.#
#.# #.# #..##.# #.# #.# #.#


You could see Sigmund.

Vanquished Creatures
  2 adders (D:2)
  A worm (D:2)
  A dart slug (D:2)
  5 endoplasms
  3 giant cockroaches (D:1)
  6 goblins
  6 hobgoblins
  2 jackals (D:2)
  3 quokkas
  3 ball pythons
  7 bats (D:1)
  3 frilled lizards (D:1)
  3 kobolds (D:1)
  6 rats
51 creatures vanquished.

Vanquished Creatures (others)
  107 foxfires
107 creatures vanquished.

Grand Total: 158 creatures vanquished

Notes
Turn   | Place    | Note
-------+----------+-------------------------------------------
     0 | D:1      | croobank the Demonspawn Fire Elementalist began the quest
                  | for the Orb.
     0 | D:1      | Reached XP level 1. HP: 13/13 MP: 3/3
   282 | D:1      | Reached skill level 3 in Fire Magic
   359 | D:1      | Gained mutation: You have sharp fingernails. [demonic
                  | ancestry]
   359 | D:1      | Reached XP level 2. HP: 19/19 MP: 1/5
   556 | D:1      | Found a hazy altar of Hepliaklqana.
  1104 | D:1      | Gained mutation: A meltable shield of frost defends you.
                  | (SH +0) [demonic ancestry]
  1104 | D:1      | Reached XP level 3. HP: 24/24 MP: 4/6
  2204 | D:2      | Gained mutation: You have very sharp fingernails. [demonic
                  | ancestry]
  2204 | D:2      | Reached XP level 4. HP: 30/30 MP: 5/7
  2624 | D:3      | Noticed Sigmund
  2930 | D:2      | Learned a level 4 spell: Sticky Flame
  3037 | D:3      | Killed by miscasting Sticky Flame

Illustrated notes

Levels and vault maps discovered:
D:1:      shiori_arrival_oz, layout_basic, kennysheep_flooded_box
D:2:      layout_basic
D:3:      layout_basic, serial_shops, shop, uniq_robin, uniq_sigmund,
          uniq_grinder

Skill      XL: |  1  2 |
---------------+-------+-----
Fire Magic     | 3 |  3.3
Stealth        | 2 |  2.2
Fighting       | |  0.2
Short Blades   | |  0.2
Maces & Flails | |  0.1
Armour         | |  0.9
Dodging        | |  1.9
Unarmed Combat | |  0.1
Spellcasting   | |  2.6
Conjurations   | |  1.3

Action                   |  1- 3 |  4- 6 || total
-------------------------+-------+-------++-------
Melee: Dagger            |    48 |       ||    48
       Unarmed           |     3 |       ||     3
       Flail             |    14 |     7 ||    21
 Cast: Foxfire           |    52 |    13 ||    65
  Use: Scroll            |       |     3 ||     3
       Potion            |       |     2 ||     2
 Stab: Sleeping          |     4 |       ||     4
Armor: Robe              |     8 |     4 ||    12
       Leather armour    |    28 |     3 ||    31
Dodge: Dodged            |    50 |     5 ||    55
Block: Other             |     7 |       ||     7
